[ AOE2 MATCH · #507129508 ]
UnrankedTurks vs Maya
Player's team · LOSS
Rival team · WIN
[ REPLAY ANALYSIS · EXTRACTED FROM THE RECORDED GAME ]
Feudal
8:34
Castle
20:24
Imperial
—
| APM avg | 86.6 |
| APM peak | 162 |
| eAPM avg | 38.1 |
| Villagers / military | 131 / 144 |
Focus
⚔️ 35.7% · 🌾 64.3%
Scout Cavalry ×118 · Archer ×10 · Battering Ram ×10 · Monk ×6
Feudal
14:11
Castle
18:06
Imperial
34:39
| APM avg | 58.6 |
| APM peak | 95 |
| eAPM avg | 26.5 |
| Villagers / military | 140 / 75 |
Focus
⚔️ 36.8% · 🌾 63.2%
Archer ×69 · Militia ×4 · Trebuchet (Packed) ×2
Match map
Initial resources + every placement click. Lines = walls · curves = elevation contours. ◆ gold · ⬟ stone · ● berries · ✦ relic · ◌ wall gap
Your base· Open — unwalled flank
addro94's base· Open — 4t gap
Smoothed initial terrain · ◌ = detected wall gap · hover for details
Inputs per minute
— CO[M]BO - - addro94
Build order — CO[M]BO
First 150 of 438 actions detected
| 0:01 | Create | Villager (Male) |
| 0:01 | Create | Villager (Male) |
| 0:01 | Create | Villager (Male) |
| 0:02 | Create | Villager (Male) |
| 0:02 | Create | Villager (Male) |
| 0:02 | Create | Villager (Male) |
| 0:03 | Build | House |
| 0:04 | Build | House |
| 1:26 | Create | Villager (Male) |
| 1:49 | Build | Lumber Camp |
| 2:04 | Create | Villager (Male) |
| 2:16 | Create | Villager (Male) |
| 2:50 | Create | Villager (Male) |
| 3:13 | Create | Villager (Male) |
| 3:37 | Create | Villager (Male) |
| 3:40 | Create | Villager (Male) |
| 3:50 | Build | House |
| 4:38 | Create | Villager (Male) |
| 4:53 | Create | Villager (Male) |
| 4:55 | Create | Villager (Male) |
| 5:09 | Create | Villager (Male) |
| 5:16 | Create | Villager (Male) |
| 5:41 | Build | Mining Camp |
| 5:51 | Research | Loom |
| 6:24 | Research | Feudal Age |
| 7:21 | Build | Barracks |
| 7:33 | Build | House |
| 7:45 | Build | Palisade Wall |
| 8:11 | Create | Villager (Male) |
| 8:33 | Build | House |
| 8:34 | Age | Feudal Age |
| 8:35 | Build | Palisade Wall |
| 8:37 | Build | Archery Range |
| 8:37 | Create | Villager (Male) |
| 8:52 | Create | Villager (Male) |
| 9:06 | Create | Villager (Male) |
| 9:13 | Research | Double-Bit Axe |
| 9:31 | Build | Palisade Wall |
| 9:32 | Create | Archer |
| 9:40 | Create | Villager (Male) |
| 9:47 | Create | Archer |
| 9:54 | Build | House |
| 10:12 | Create | Villager (Male) |
| 10:14 | Create | Archer |
| 10:22 | Build | Mill |
| 10:25 | Create | Archer |
| 10:33 | Build | House |
| 10:39 | Create | Archer |
| 10:56 | Create | Villager (Male) |
| 11:24 | Create | Villager (Male) |
| 11:30 | Create | Archer |
| 11:38 | Create | Villager (Male) |
| 11:53 | Build | Outpost |
| 11:58 | Build | Farm |
| 12:01 | Build | Farm |
| 12:02 | Create | Archer |
| 12:03 | Create | Villager (Male) |
| 12:06 | Build | Blacksmith |
| 12:27 | Create | Archer |
| 12:36 | Create | Villager (Male) |
| 12:40 | Build | Farm |
| 12:42 | Build | Farm |
| 12:43 | Build | Farm |
| 12:59 | Create | Villager (Male) |
| 13:01 | Build | Farm |
| 13:06 | Build | House |
| 13:07 | Build | House |
| 13:08 | Build | House |
| 13:13 | Create | Villager (Male) |
| 13:27 | Build | Farm |
| 13:31 | Research | Fletching |
| 13:35 | Build | Farm |
| 13:39 | Build | Farm |
| 13:45 | Create | Villager (Male) |
| 13:48 | Build | Farm |
| 14:13 | Create | Archer |
| 14:13 | Create | Villager (Male) |
| 14:20 | Create | Villager (Male) |
| 14:21 | Build | Farm |
| 14:23 | Build | Farm |
| 14:30 | Build | Palisade Wall |
| 14:48 | Create | Archer |
| 14:49 | Create | Villager (Male) |
| 14:53 | Build | Farm |
| 14:59 | Create | Villager (Male) |
| 15:03 | Build | Palisade Wall |
| 15:04 | Build | Palisade Wall |
| 15:11 | Create | Villager (Male) |
| 15:16 | Build | Farm |
| 15:30 | Build | Farm |
| 15:31 | Create | Villager (Male) |
| 15:52 | Build | Palisade Wall |
| 16:12 | Create | Villager (Male) |
| 16:27 | Create | Villager (Male) |
| 16:30 | Build | Market |
| 16:58 | Create | Villager (Male) |
| 17:44 | Research | Castle Age |
| 17:45 | Research | Castle Age |
| 17:50 | Build | Stable |
| 17:53 | Build | House |
| 18:09 | Build | Watch Tower |
| 18:17 | Research | Horse Collar |
| 18:32 | Research | Scale Barding Armor |
| 18:32 | Research | Scale Barding Armor |
| 18:44 | Create | Scout Cavalry |
| 18:54 | Build | Farm |
| 18:56 | Research | Bloodlines |
| 18:59 | Build | Stable |
| 19:30 | Create | Villager (Male) |
| 19:31 | Build | House |
| 19:39 | Create | Scout Cavalry |
| 19:39 | Create | Scout Cavalry |
| 19:49 | Create | Scout Cavalry |
| 19:51 | Build | Lumber Camp |
| 19:51 | Create | Villager (Male) |
| 20:09 | Create | Villager (Male) |
| 20:24 | Create | Scout Cavalry |
| 20:24 | Create | Scout Cavalry |
| 20:24 | Age | Castle Age |
| 20:34 | Create | Scout Cavalry |
| 20:38 | Create | Villager (Male) |
| 20:42 | Build | Farm |
| 20:43 | Create | Villager (Male) |
| 20:48 | Create | Scout Cavalry |
| 21:18 | Create | Villager (Male) |
| 21:22 | Build | Farm |
| 21:38 | Create | Villager (Male) |
| 21:44 | Create | Scout Cavalry |
| 21:44 | Create | Villager (Male) |
| 21:45 | Create | Villager (Male) |
| 21:46 | Create | Villager (Male) |
| 21:48 | Create | Scout Cavalry |
| 21:48 | Create | Scout Cavalry |
| 21:48 | Create | Scout Cavalry |
| 21:57 | Build | Town Center |
| 22:08 | Create | Villager (Male) |
| 22:09 | Build | Farm |
| 22:09 | Build | Farm |
| 22:11 | Build | House |
| 22:15 | Create | Scout Cavalry |
| 22:22 | Create | Villager (Male) |
| 22:48 | Create | Scout Cavalry |
| 22:55 | Create | Villager (Male) |
| 22:58 | Build | Monastery |
| 23:05 | Create | Villager (Male) |
| 23:07 | Build | Farm |
| 23:08 | Build | Farm |
| 23:17 | Create | Villager (Male) |
| 23:17 | Create | Villager (Male) |
| 23:17 | Create | Villager (Male) |
Build order — addro94
First 150 of 324 actions detected
| 0:00 | Research | Loom |
| 0:02 | Build | House |
| 0:04 | Build | House |
| 0:09 | Create | Villager (Male) |
| 0:11 | Create | Villager (Male) |
| 0:22 | Create | Villager (Male) |
| 1:27 | Create | Villager (Male) |
| 2:01 | Create | Villager (Male) |
| 2:02 | Create | Villager (Male) |
| 2:08 | Build | Lumber Camp |
| 2:53 | Create | Villager (Male) |
| 2:54 | Create | Villager (Male) |
| 3:14 | Build | House |
| 3:34 | Create | Villager (Male) |
| 4:10 | Create | Villager (Male) |
| 4:13 | Create | Villager (Male) |
| 4:49 | Build | Barracks |
| 4:56 | Create | Villager (Male) |
| 4:57 | Create | Villager (Male) |
| 4:57 | Create | Villager (Male) |
| 5:12 | Build | House |
| 5:44 | Create | Villager (Male) |
| 5:57 | Create | Militia |
| 5:58 | Create | Militia |
| 5:58 | Create | Militia |
| 6:08 | Create | Villager (Male) |
| 6:27 | Build | Mill |
| 6:30 | Create | Villager (Male) |
| 6:54 | Create | Militia |
| 7:01 | Create | Villager (Male) |
| 7:06 | Create | Villager (Male) |
| 7:23 | Create | Villager (Male) |
| 7:30 | Build | House |
| 7:41 | Build | House |
| 7:43 | Build | Palisade Wall |
| 7:45 | Build | Palisade Wall |
| 7:47 | Create | Villager (Male) |
| 7:57 | Build | Palisade Wall |
| 8:07 | Create | Villager (Male) |
| 8:16 | Create | Villager (Male) |
| 8:26 | Create | Villager (Male) |
| 8:49 | Build | House |
| 8:54 | Create | Villager (Male) |
| 9:11 | Build | House |
| 9:13 | Build | Palisade Wall |
| 9:13 | Build | Palisade Wall |
| 9:34 | Build | Farm |
| 9:36 | Build | Farm |
| 9:38 | Build | Farm |
| 9:41 | Build | Farm |
| 10:07 | Build | Palisade Wall |
| 10:13 | Build | Farm |
| 10:15 | Build | Farm |
| 10:33 | Create | Villager (Male) |
| 10:51 | Build | Mining Camp |
| 11:05 | Create | Villager (Male) |
| 11:07 | Create | Villager (Male) |
| 11:08 | Create | Villager (Male) |
| 11:19 | Create | Villager (Male) |
| 11:19 | Create | Villager (Male) |
| 11:21 | Create | Villager (Male) |
| 11:22 | Create | Villager (Male) |
| 11:22 | Create | Villager (Male) |
| 11:25 | Create | Villager (Male) |
| 11:26 | Create | Villager (Male) |
| 11:26 | Create | Villager (Male) |
| 11:37 | Build | Farm |
| 11:40 | Build | Farm |
| 11:41 | Build | Farm |
| 11:47 | Research | Feudal Age |
| 11:56 | Build | Farm |
| 12:27 | Build | Farm |
| 12:45 | Create | Villager (Male) |
| 12:53 | Create | Villager (Male) |
| 13:54 | Build | House |
| 13:56 | Build | House |
| 14:11 | Age | Feudal Age |
| 14:12 | Build | Archery Range |
| 14:14 | Build | Archery Range |
| 14:22 | Build | Blacksmith |
| 14:51 | Create | Villager (Male) |
| 14:53 | Create | Villager (Male) |
| 15:01 | Create | Villager (Male) |
| 15:01 | Create | Villager (Male) |
| 15:05 | Create | Villager (Male) |
| 15:13 | Research | Castle Age |
| 15:14 | Create | Archer |
| 15:15 | Create | Archer |
| 15:29 | Build | House |
| 15:31 | Build | House |
| 15:34 | Build | House |
| 15:39 | Research | Double-Bit Axe |
| 15:40 | Research | Double-Bit Axe |
| 15:50 | Create | Archer |
| 15:56 | Create | Archer |
| 16:18 | Research | Fletching |
| 16:19 | Create | Archer |
| 16:20 | Create | Archer |
| 16:50 | Create | Archer |
| 16:50 | Create | Archer |
| 18:06 | Age | Castle Age |
| 18:07 | Create | Villager (Male) |
| 18:09 | Build | University |
| 18:11 | Research | Crossbowman (upgrade) |
| 18:12 | Research | Bodkin Arrow |
| 18:13 | Research | Bodkin Arrow |
| 18:17 | Research | Bow Saw |
| 18:17 | Research | Bow Saw |
| 18:27 | Create | Villager (Male) |
| 18:38 | Create | Villager (Male) |
| 18:43 | Build | Town Center |
| 19:00 | Create | Villager (Male) |
| 19:01 | Research | Ballistics |
| 19:21 | Create | Archer |
| 19:22 | Create | Archer |
| 19:44 | Create | Villager (Male) |
| 19:46 | Build | Farm |
| 19:52 | Build | Farm |
| 19:52 | Create | Villager (Male) |
| 19:57 | Create | Archer |
| 19:58 | Create | Archer |
| 20:30 | Create | Villager (Male) |
| 20:44 | Create | Villager (Male) |
| 20:54 | Create | Villager (Male) |
| 21:00 | Build | Town Center |
| 21:05 | Create | Archer |
| 21:05 | Create | Archer |
| 21:19 | Research | Padded Archer Armor |
| 21:20 | Create | Archer |
| 21:20 | Create | Archer |
| 22:10 | Create | Villager (Male) |
| 22:20 | Create | Villager (Male) |
| 22:20 | Create | Villager (Male) |
| 22:23 | Build | Farm |
| 22:24 | Build | Farm |
| 22:28 | Build | Lumber Camp |
| 22:36 | Create | Archer |
| 22:36 | Create | Archer |
| 22:44 | Create | Villager (Male) |
| 22:51 | Build | Town Center |
| 22:57 | Create | Archer |
| 22:57 | Create | Archer |
| 22:58 | Create | Archer |
| 23:09 | Create | Villager (Male) |
| 23:09 | Create | Villager (Male) |
| 23:13 | Create | Archer |
| 23:13 | Create | Archer |
| 23:32 | Build | House |
| 23:34 | Build | House |
| 23:37 | Build | House |
Match timeline
| 4:49 | addro94 · first_building Barracks |
| 7:21 | CO[M]BO · first_building Barracks |
| 7:43 | addro94 · wall_segment Palisade Wall x5 |
| 7:45 | addro94 · wall_segment Palisade Wall x2 |
| 7:45 | CO[M]BO · wall_segment Palisade Wall x3 |
| 7:57 | addro94 · wall_segment Palisade Wall x17 |
| 8:34 | CO[M]BO · age_up feudal |
| 8:35 | CO[M]BO · wall_segment Palisade Wall x1 |
| 8:37 | CO[M]BO · first_building Archery Range |
| 9:13 | addro94 · wall_segment Palisade Wall x4 |
| 9:13 | addro94 · wall_segment Palisade Wall x1 |
| 9:31 | CO[M]BO · wall_segment Palisade Wall x1 |
| 10:07 | addro94 · wall_segment Palisade Wall x12 |
| 14:11 | addro94 · age_up feudal |
| 14:12 | addro94 · first_building Archery Range |
| 14:30 | CO[M]BO · wall_segment Palisade Wall x5 |
| 15:03 | CO[M]BO · wall_segment Palisade Wall x1 |
| 15:04 | CO[M]BO · wall_segment Palisade Wall x1 |
| 15:52 | CO[M]BO · wall_segment Palisade Wall x1 |
| 17:43 | CO[M]BO · first_market_buy 100 food |
| 17:50 | CO[M]BO · first_building Stable |
| 18:06 | addro94 · age_up castle |
| 20:24 | CO[M]BO · age_up castle |
| 22:58 | CO[M]BO · first_building Monastery |
| 23:46 | addro94 · wall_segment Palisade Wall x1 |
| 29:45 | addro94 · first_building Monastery |
| 31:04 | addro94 · first_building Castle |
| 33:54 | CO[M]BO · first_building Siege Workshop |
| 34:39 | addro94 · age_up imperial |
| 37:58 | CO[M]BO · resign |
[ AI ANALYSIS · 1 CREDIT ]
What really happened in this match?
Wolo.gg analyzes every decision: build order, eco, micro, common mistakes by bracket. Personalized analysis on WhatsApp or Discord in 30 seconds.
Civ guide
Turks
Perfil
Jugador #5656426